 Seeded DCSS version 0.30.1-11-g7821555f0a (webtiles) character file.

Game seed: 5 (custom seed)

255 Kazon the Ducker (level 5, 0/40 HPs)
             Began as a Demonspawn Gladiator on Jan 8, 2024.
             Was an Initiate of Okawaru.
             Slain by a scorpion (1 damage)
             ... on level 4 of the Dungeon.
             The game lasted 00:09:04 (2300 turns).

Kazon the Ducker (Demonspawn Gladiator)             Turns: 2300, Time: 00:09:06

Health: 0/40       AC:  4    Str: 16    XL:     5   Next: 91%
Magic:  14/14      EV:  8    Int: 10    God:    Okawaru [......]
Gold:   188        SH: 11    Dex: 14    Spells: 4/4 levels left

rFire   . . .        f - +3 broad axe (vamp)
rCold   . . .        c - +0 tower shield
rNeg    . . .        b - +0 leather armour
rPois   .            (helmet restricted)
rElec   .            (no cloak)
rCorr   .            (no gloves)
SInv    .            (no boots)
Will    .....        (no amulet)
Stlth   ++           n - ring of magical power
HPRegen 0.26/turn    (no ring)
MPRegen 0.14/turn

%: no passive effects
@: lethally poisoned (0 -> -5)
A: antennae 1, rugged brown scales 1, powered by death 1
a: Renounce Religion


You were on level 4 of the Dungeon.
You worshipped Okawaru.
Okawaru was noncommittal.
You visited 2 branches of the dungeon, and saw 5 of its levels.

You collected 188 gold pieces.

Inventory:

Hand Weapons
 a - a +0 flail
 e - a +2 vampiric dagger
 f - a +3 vampiric broad axe (weapon)
Missiles
 d - 3 throwing nets
 g - 15 stones
 k - 3 boomerangs
 r - 5 poisoned darts (quivered)
 s - a javelin
Armour
 b - a +0 leather armour (worn)
 c - a +0 tower shield (worn)
Jewellery
 n - a ring of magical power (left hand)
Scrolls
 h - a scroll of fog {unknown}
 l - 2 scrolls of identify {unknown}
 o - a scroll of summoning {unknown}
 p - a scroll of magic mapping {unknown}
 q - a scroll of blinking {unknown}
 t - 2 scrolls of teleportation {unknown}
 w - a scroll of amnesia {unknown}
 x - a scroll of torment {unknown}
Potions
 i - a potion of resistance {unknown}
 j - 3 potions of curing {unknown}
 m - a potion of magic {unknown}
 u - a potion of flight {unknown}
 v - a potion of invisibility {unknown}


   Skills:
 + Level 2.7 Fighting
 + Level 2.3(3.1) Axes
 + Level 3.0(3.4) Maces & Flails
 * Level 2.5 Throwing
 + Level 1.4 Armour
 + Level 3.2 Dodging
 * Level 1.7 Stealth
 + Level 1.3 Shields


You had 4 spell levels left.
You didn't know any spells.
Your spell library contained the following spells:

 Spells                   Type           Power      Damage    Failure   Level
 Frozen Ramparts          Ice            0%         1d1       100%        3
 Ice Form                 Ice/Tmut       0%         N/A       100%        4
 Summon Ice Beast         Ice/Summ       Unusable   N/A       N/A         4

Dungeon Overview and Level Annotations

Branches:
Dungeon (4/15)             Temple (1/1) D:4

Altars:
Fedhas
Gozag
Okawaru
Qazlal
Trog
Uskayaw
Wu Jian


Innate Abilities, Weirdness & Mutations

You have a pair of small antennae on your head.
You are partially covered in rugged brown scales. (AC +1, +3% HP)
You regenerate a little health from kills.


Message History

The scorpion stings you but does no damage.
You block the scorpion's attack. x2
You hit the scorpion.
You feel better.
The scorpion is lightly wounded.
The scorpion stings you but does no damage.
You block the scorpion's attack.
You hit the scorpion.
The scorpion is moderately wounded.
You block the scorpion's attack. The scorpion closely misses you.
You barely miss the scorpion.
The scorpion is moderately wounded.
You block the scorpion's attack.
The scorpion stings you but does no damage.
You barely miss the scorpion.
The scorpion is moderately wounded.
The scorpion stings you.
You are poisoned.
The scorpion poisons you! The scorpion stings you.
You are lethally poisoned!
The scorpion poisons you! The scorpion closely misses you.
You closely miss the scorpion.
The scorpion is moderately wounded.
You feel extremely sick.
The scorpion stings you but does no damage.
The scorpion stings you.
* * * LOW HITPOINT WARNING * * *
You hit the scorpion.
You feel better.
The scorpion is heavily wounded.
* * * LOW HITPOINT WARNING * * *
You feel extremely sick. The scorpion stings you.
* * * LOW HITPOINT WARNING * * *
You block the scorpion's attack.
You hit the scorpion.
The scorpion is severely wounded.
* * * LOW HITPOINT WARNING * * *
You feel very sick.
The scorpion stings you but does no damage. x2
The scorpion stings you.
You die...

##... #...####
#...##.# #...##.#
#.##.#...##.#
#.##.#...##s#
#.##.#...##@####
...............#
#.##.##.###.##.#
#####.##.##†# #.# #
...#.##.##.# ...
####.#.##.##.# #.##
.............# #.#
...................
##.#.#.#...........


You could see a scorpion.

Vanquished Creatures
  A black bear (D:4)
  An iguana (D:4)
  5 adders
  An ufetubus (D:4)
  3 worms
  An orc (D:3)
  4 bats
  9 endoplasms
  A giant cockroach (D:1)
  12 goblins
  7 hobgoblins
  11 jackals
  3 kobolds
  A quokka (D:4)
  6 ball pythons
  3 frilled lizards
  4 rats
73 creatures vanquished.

Notes
Turn   | Place    | Note
-------+----------+-------------------------------------------
     0 | D:1      | Kazon the Demonspawn Gladiator began the quest for the Orb.
     0 | D:1      | Reached XP level 1. HP: 16/16 MP: 1/1
    41 | D:1      | Identified a scroll of acquirement
    41 | D:1      | Acquired a +3 vampiric broad axe
    72 | D:1      | Gained mutation: You have a pair of small antennae on your
                  | head. [demonic ancestry]
    72 | D:1      | Reached XP level 2. HP: 22/22 MP: 2/2
   401 | D:1      | Gained mutation: You are partially covered in rugged brown
                  | scales. (AC +1, +3% HP) [demonic ancestry]
   401 | D:1      | Reached XP level 3. HP: 22/27 MP: 3/3
   471 | D:1      | Reached skill level 1 in Axes
   993 | D:2      | Reached XP level 4. HP: 35/35 MP: 4/4
  1054 | D:2      | Reached skill level 1 in Stealth
  1508 | D:3      | Found a blossoming altar of Fedhas.
  1535 | D:3      | Reached skill level 1 in Armour
  1605 | D:3      | Found a stormy altar of Qazlal.
  1754 | D:3      | Identified the +2 sling "Qeuhanocyt" {speed, rElec Str-3
                  | Dex+2}
  1772 | D:3      | Found a faded altar of an unknown god.
  2001 | D:4      | Gained mutation: You regenerate a little health from kills.
                  | [demonic ancestry]
  2001 | D:4      | Reached XP level 5. HP: 40/40 MP: 5/5
  2049 | D:4      | Reached skill level 1 in Shields
  2160 | D:4      | Noticed a black bear
  2169 | D:4      | Killed a black bear
  2220 | D:4      | Found a staircase to the Ecumenical Temple.
  2229 | Temple   | Entered the Ecumenical Temple
  2242 | Temple   | Became a worshipper of Warmaster Okawaru
  2300 | D:4      | HP: 1/40 [poisoned by a scorpion]
  2300 | D:4      | Slain by a scorpion

Illustrated notes

Levels and vault maps discovered:
D:1:      ebering_trefoil_3fold, layout_basic, st_stairs_14, serial_bayou_ford_a
D:2:      layout_basic, hangedman_decor_growths, minmay_close_crescents
D:3:      layout_rooms, mainiacjoe_overflow_concentric_impassable,
          mainiacjoe_overflow_paths, shapermc_ecumenical_altar_acropolis,
          chequers_serial_rivers_micro_b
D:4:      layout_basic, riverfiend_overflow_shadow_ancestor,
          minmay_temple_entry_glass, uniq_sigmund
Temple:   nicolae_temple_elliptical

Skill      XL: |  1  2  3  4  5 |
---------------+----------------+-----
Dodging        | 3 |  3.2
Maces & Flails | 3 |  3.0
Axes           | 1 2 |  2.3
Throwing       | 2 |  2.5
Stealth        | 1 |  1.7
Armour         | 1 |  1.4
Shields        | 1 |  1.3
Fighting       | |  2.7

Action                     |  1- 3 |  4- 6 || total
---------------------------+-------+-------++-------
  Melee: Flail             |    13 |       ||    13
         Broad axe         |    96 |    99 ||   195
         Punch             |     1 |       ||     1
  Throw: Stone             |     1 |     6 ||     7
         Dart              |       |     2 ||     2
    Use: Scroll            |     2 |       ||     2
   Stab: Sleeping          |       |     2 ||     2
 Armour: Leather armour    |    34 |    40 ||    74
  Dodge: Dodged            |    64 |    40 ||   104
  Block: Tower shield      |    52 |    73 ||   125
